 Dungeon Crawl Stone Soup version 0.32-a0-886-g41c5271027 (webtiles) character file.

Game seed: 5141961460064932457

1621 Biggs the Skirmisher (level 8, -3/62 HPs)
             Began as a Coglin Hunter on Apr 2, 2024.
             Was a Follower of Okawaru.
             Slain by a sky beast (5 damage)
             ... on level 7 of the Dungeon.
             The game lasted 00:08:19 (4756 turns).

Biggs the Skirmisher (Coglin Hunter)                Turns: 4756, Time: 00:08:21

Health: -3/62      AC:  6    Str: 12    XL:     8   Next: 96%
Magic:  8/8        EV: 13    Int:  9    God:    Okawaru [*.....]
Gold:   165        SH:  0    Dex: 19    Spells: 7/7 levels left

rFire   . . .        a - +2 sling {Akal}
rCold   + . .        d - +0 sling {Wystan}
rNeg    . . .        c - +0 steam dragon scales
rPois   .            (no helmet)
rElec   .            (no cloak)
rCorr   .            v - +0 pair of gloves of the Game Afoot {rC+ Will+}
SInv    .            (no boots)
Will    +....        (amulet unavailable)
Stlth   ++           (ring unavailable)
HPRegen 0.30/turn    (ring unavailable)
MPRegen 0.11/turn    (no gizmo)

%: no passive effects
@: brilliant, about to teleport, revving
A: off-hand wielding, slow wielding, warmup strikes, no jewellery
a: Invent Gizmo, Renounce Religion, Heroism


You were on level 7 of the Dungeon.
You worshipped Okawaru.
Okawaru was aware of your devotion.
You visited 2 branches of the dungeon, and saw 8 of its levels.

You collected 426 gold pieces.
You spent 261 gold pieces at shops.

Inventory:

Hand Weapons
 a - a +2 sling (weapon) {Akal}
 d - a +0 sling (offhand) {Wystan}
Armour
 c - +0 steam dragon scales (worn)
 t - the +2 robe of the Doldrums {rF++}
   (You found it on level 4 of the Dungeon)

   rF++:      It greatly protects you from fire.
 v - the +0 pair of gloves of the Game Afoot (worn) {rC+ Will+}
   (You bought it in a shop on level 5 of the Dungeon)

   rC+:       It protects you from cold.
   Will+:     It increases your willpower.
Wands
 u - a wand of paralysis (5)
Scrolls
 b - a scroll of butterflies
 e - a scroll of identify
 f - a scroll of brand weapon {unknown}
 g - 2 scrolls of poison
 j - a scroll of vulnerability
 m - 2 scrolls of torment
 o - a scroll of teleportation
 p - a scroll of fog
 q - 2 scrolls of immolation
Potions
 h - a potion of mutation {unknown}
 i - a potion of resistance {unknown}
 k - a potion of curing {unknown}
 l - a potion of brilliance
 n - a potion of attraction {unknown}
 r - 2 potions of heal wounds {unknown}
 s - a potion of enlightenment {unknown}


   Skills:
 - Level 5.0 Fighting
 - Level 9.0 Ranged Weapons
 + Level 4.4 Dodging
 - Level 0.7 Stealth


You had 7 spell levels left.
You didn't know any spells.
Your spell library contained the following spells:

 Spells                   Type           Power      Damage    Failure   Level
 Apportation              Tloc           0%         N/A       38%         1
 Necrotise                Necr           0%         1d4       38%         1
 Sting                    Conj/Alch      0%         1d3       38%         1
 Lesser Beckoning         Tloc           0%         N/A       52%         2
 Maxwell's Portable Pile  Tloc           0%         2d(5-13)  77%         3
 Teleport Other           Tloc           0%         N/A       77%         3
 Olgreb's Toxic Radiance  Alch           0%         N/A       99%         4
 Passage of Golubria      Tloc           0%         N/A       99%         4
 Lee's Rapid Deconstruct  Erth           0%         3d4*      100%        5
 Yara's Violent Unravell  Hex/Alch       0%         3d3       100%        5
 Ozocubu's Refrigeration  Ice            0%         4d7       100%        7
 Discord                  Hex            0%         N/A       100%        8
 Summon Small Mammal      Summ           Unusable   N/A       N/A         1
 Tukima's Dance           Hex            Unusable   N/A       N/A         3
 Animate Armour           Summ/Erth      Unusable   N/A       N/A         4
 Summon Lightning Spire   Summ/Air       Unusable   N/A       N/A         4

Dungeon Overview and Level Annotations

Branches:
Dungeon (7/15)             Temple (1/1) D:5

Altars:
Ashenzari
Dithmenos
Elyvilon
Fedhas
Gozag
Hepliaklqana
Kikubaaqudgha
Nemelex Xobeh
Okawaru
Qazlal
Ru
Sif Muna
Trog
Uskayaw
Wu Jian
Yredelemnul
Zin
The Shining One

Shops:
D:4 :   D:5 ((:[*

Annotations:
D:4 1 runed translucent door, DeathSocks's ghost, amateur BaHs
D:6 2 transporters, NotBatman's ghost, novice MDFi
D:7 Maggie


Innate Abilities, Weirdness & Mutations

You can wield a second weapon in your off-hand.
It takes a long time for you to wield or remove held weapons.
Your first few attacks do less damage.
You cannot equip rings or amulets.


Message History

Maggie is heavily wounded.
Something hits you but does no damage. Maggie hits you with a +0 war axe!
Unknown command.
You shoot a sling bullet. The sling bullet barely misses Maggie.
You shoot a sling bullet. The sling bullet barely misses Maggie.
Something hits you. Something shocks you.
The sky beast flickers out of sight!
Something hits you but does no damage. Maggie misses you.
Unknown command.
Unknown command.
Okay, then.
Something hits you. Something shocks you.
Maggie gestures wildly while chanting.
Maggie attempts to bespell you!
You easily resist.
Something hits you. Something shocks you.
Maggie says, "If you die in the Dungeon, but nobody's around to see it, does it really matter?"
Reactivating autopickup.
A sky beast appears from thin air!
Something hits you but does no damage.
Deactivating autopickup; reactivate with Ctrl-A.
There is an open door here.
Reactivating autopickup.
A sky beast appears from thin air!
The sky beast flickers out of sight!
Deactivating autopickup; reactivate with Ctrl-A.
Maggie gestures at you while chanting.
The bolt of fire hits something!!
The bolt of fire hits you!!
* * * LOW HITPOINT WARNING * * *
As you read the scroll of teleportation, it crumbles to dust.
You feel strangely unstable. Something hits you.
* * * LOW HITPOINT WARNING * * *
Something shocks you.
* * * LOW HITPOINT WARNING * * *
It was a potion of brilliance.
You feel clever all of a sudden.
Maggie mumbles some strange words.
Maggie attempts to bespell you! You resist with almost no effort.
Something hits you.
* * * LOW HITPOINT WARNING * * *
Something shocks you.
You die...

#########...........###.# #.
........#...........# #.# #.
........#...........###.# #.
#..(.....#...............# #.
#........#.....<....##########.
#....<...#.....................
#........######################
#........############........#
#........'Y@..@..........>...#
#........#.#######...........#
#........#+##### #...........#
.#####..........# #...........#
.....'$.........# #...........#
..####..........# #...........#
#.....(....# #...###.....#
#..........# #...# #.....#
#..........# #...# #.....#


You could see Maggie and a sky beast.

Vanquished Creatures
  A steam dragon (D:6)
  A black bear (D:6)
  An orc warrior (D:7)
  An ice beast (D:7)
  An ogre (D:6)
  2 phantoms
  6 bullfrogs
  A hound (D:3)
  2 orc priests
  A gnoll bouda (D:4)
  8 iguanas
  3 orc wizards
  8 adders
  3 gnolls (D:4)
  A white imp (D:5)
  A ribbon worm (D:2)
  7 orcs
  4 endoplasms
  2 giant cockroaches (D:3)
  7 goblins
  6 hobgoblins
  4 jackals
  2 quokkas
  6 ball pythons
  5 bats
  2 frilled lizards
  5 kobolds
  7 rats
  A spectral kobold (D:1)
99 creatures vanquished.

Notes
Turn   | Place    | Note
-------+----------+-------------------------------------------
     0 | D:1      | Biggs the Coglin Hunter began the quest for the Orb.
     0 | D:1      | Reached XP level 1. HP: 16/16 MP: 1/1
   108 | D:1      | Found a faded altar of an unknown god.
   166 | D:1      | Reached skill level 4 in Ranged Weapons
   166 | D:1      | Reached XP level 2. HP: 22/22 MP: 2/2
   869 | D:2      | Reached XP level 3. HP: 27/27 MP: 3/3
  1140 | D:2      | Reached skill level 5 in Ranged Weapons
  1140 | D:2      | Reached XP level 4. HP: 22/33 MP: 4/4
  1571 | D:3      | Reached XP level 5. HP: 38/38 MP: 5/5
  1618 | D:3      | Found an ornate altar of the Wu Jian Council.
  1707 | D:3      | Found a hazy altar of Hepliaklqana.
  1872 | D:4      | Reached skill level 6 in Ranged Weapons
  1945 | D:4      | Reached XP level 6. HP: 44/44 MP: 6/6
  1948 | D:4      | Identified the +2 robe of the Doldrums {rF++}
  2008 | D:4      | Found a bloodstained altar of Trog.
  2008 | D:4      | Found a blossoming altar of Fedhas.
  2148 | D:4      | Found a runed translucent door.
  2150 | D:4      | Noticed DeathSocks's ghost (amateur BaHs)
  2193 | D:4      | Found Pokaf's Book Shoppe.
  2228 | D:4      | Identified the +0 plate armour "Luwnorph" {Int+7 Dex-4
                  | Stlth+}
  2539 | D:5      | Entered Level 5 of the Dungeon
  2612 | D:5      | Found Qiethiat's Book Shop.
  2628 | D:5      | Reached skill level 7 in Ranged Weapons
  2716 | D:5      | Found Hecy's Antique Armour Shop.
  2725 | D:5      | Bought a pair of transparent gloves for 228 gold pieces
  2725 | D:5      | Identified the +0 pair of gloves of the Game Afoot {rC+
                  | Will+} (You bought it in a shop on level 5 of the Dungeon)
  2792 | D:5      | Found Veibbet's Antique Weapon Shop.
  2840 | D:5      | Reached XP level 7. HP: 47/50 MP: 7/7
  2869 | D:5      | Found Rygyqu's Weapon Boutique.
  2896 | D:5      | Found a staircase to the Ecumenical Temple.
  3030 | Temple   | Entered the Ecumenical Temple
  3069 | D:5      | Reached skill level 8 in Ranged Weapons
  3330 | D:5      | Found Uxku Xee's General Store.
  3338 | D:5      | Bought a scroll of teleportation for 33 gold pieces
  3515 | D:6      | Found a transporter.
  3521 | D:6      | Noticed a queen bee
  3522 | D:6      | Found a transporter.
  3523 | D:6      | Noticed NotBatman's ghost (novice MDFi)
  3523 | D:6      | Noticed a hornet
  3735 | D:6      | Reached skill level 9 in Ranged Weapons
  3735 | D:6      | Reached XP level 8. HP: 56/56 MP: 8/8
  3931 | D:6      | Found an iron altar of Okawaru.
  3955 | D:6      | Became a worshipper of Warmaster Okawaru
  4018 | D:6      | Found a stormy altar of Qazlal.
  4183 | D:6      | Reached skill level 5 in Fighting
  4732 | D:7      | Noticed Maggie
  4734 | D:7      | Reached * piety under Okawaru
  4756 | D:7      | HP: 2/62 [something (4)]
  4756 | D:7      | Slain by a sky beast

Illustrated notes

Levels and vault maps discovered:
D:1:      psy_arrival_spokes, layout_basic,
          dreamdust_ecumenical_altar_drowned_temple
D:2:      layout_basic, minmay_between
D:3:      layout_rooms, mainiacjoe_overflow_alcove_1,
          nicolae_hepliaklqana_hippocampus
D:4:      layout_loops_cross, chequers_temple_overflow_statue_of_worship,
          serial_shops, nicolae_book_shop_shelving, ebering_ghost_inner_flame
D:5:      layout_loops_ring, minmay_temple_entry_proselytizer, serial_shops,
          shop, shop, shop, nicolae_shop_tiny_waterfront,
          nicolae_shop_hallway_stairs, chequers_hall_statues_corner_a,
          st_stairs_14, minivault_25, nicolae_nh_ransacked_shop
D:6:      layout_gridville, mainiacjoe_overflow_concentric_impassable,
          kennysheep_mini, gammafunk_ghost_hive, hangedman_minor_gate_pass
D:7:      layout_basic, uniq_crazy_yiuf_cottage, uniq_maggie
Temple:   chequers_temple_sunken

Skill      XL: |  1  2  3  4  5  6  7  8 |
---------------+-------------------------+-----
Ranged Weapons | 4 5 6 7 9 |  9.0
Fighting       | 5 |  5.0
Dodging        | 4 |  4.4
Stealth        | |  0.7

Action                     |  1- 3 |  4- 6 |  7- 9 || total
---------------------------+-------+-------+-------++-------
   Fire: Sling             |   112 |   228 |   306 ||   646
    Use: Scroll            |       |       |     5 ||     5
         Potion            |       |       |     1 ||     1
 Armour: Leather armour    |    10 |     5 |       ||    15
         Robe              |       |    11 |    43 ||    54
         Steam dragon scal |       |       |    21 ||    21
  Dodge: Dodged            |    11 |    21 |    46 ||    78

Table legend: (Time is in decaauts)
 A = Elapsed time spent in this place.
 B = Non-inter-level travel time spent in this place.
 C = Inter-level travel time spent in this place.
 D = Time resting spent in this place.
 E = Time spent auto-exploring this place.
 F = Levels seen in this place.
 G = Mean time per level.
                   A        B        C        D        E       F      G
               +--------+--------+--------+--------+--------+-----+--------+
         Total |   4780 |   4575 |    205 |     67 |   3851 |   8 |  597.5 |
       Dungeon |   4771 |   4569 |    202 |     67 |   3851 |   7 |  681.6 |
        Temple |      9 |      6 |      3 |      0 |      0 |   1 |    9.0 |
               +--------+--------+--------+--------+--------+-----+--------+

Top non-repeatable levels by time:
     D:5: 936 daAuts
     D:6: 776 daAuts
     D:4: 763 daAuts
     D:2: 718 daAuts
     D:1: 636 daAuts
     D:7: 493 daAuts
     D:3: 447 daAuts
  Temple: 9 daAuts
